 Dungeon Crawl Stone Soup version 0.31-a0-702-gf82c85558f (webtiles) character file.

Game seed: 14692021361720683899

105 qw the Shooter (level 4, 0/25 HPs)
             Began as a Gargoyle Hunter on Sept 7, 2023.
             Slain by a kobold
             ... wielding a +1 dagger of draining
              (2 damage)
             ... on level 3 of the Dungeon.
             The game lasted 00:00:39 (1539 turns).

qw the Shooter (Gargoyle Hunter)                    Turns: 1539, Time: 00:00:39

Health: 0/25       AC:  8    Str: 18    XL:     4   Next: 81%
Magic:  4/4        EV: 11    Int: 12    God:
Gold:   136        SH:  0    Dex: 15    Spells: 3/3 levels left

rFire   . . .        Y - +0 shortbow (freeze)
rCold   + . .        (shield currently unavailable)
rNeg    + . .        f - +0 ring mail
rPois   inf          (no helmet)
rElec   +            (no cloak)
rCorr   +            (no gloves)
SInv    +            (no boots)
Will    .....        (no amulet)
Stlth   +            a - ring of resist corrosion
HPRegen 0.24/turn    b - ring "Edoit" {rPois rC+ Str+3 Int+3}
MPRegen 0.09/turn

%: no passive effects
@: no status effects
A: sickness immunity, AC +3, negative energy resistance 1, electricity
resistance, torment resistance 1, petrification resistance, see invisible, frail
1, sturdy frame 1, devolution 1
a: no special abilities


You were on level 3 of the Dungeon.
You visited 1 branch of the dungeon, and saw 3 of its levels.

You collected 136 gold pieces.


Innate Abilities, Weirdness & Mutations

You are immune to sickness and miasma.
Your stone body is resilient. (AC +3)
You are immune to poison.
You resist negative energy. (rN+)
You are resistant to electric shocks. (rElec)
You are resistant to unholy torment.
You are immune to petrification.
You have supernaturally acute eyesight. (SInv)
You are frail. (-10% HP)
Your movements are slightly less encumbered by armour. (ER -2)
You have hidden genetic defects.


   Skills:
 - Level 3.0 Fighting
 + Level 5.5 Ranged Weapons
 - Level 1.0 Armour
 - Level 1.5 Dodging
 - Level 1.1 Stealth


You had 3 spell levels left.
You didn't know any spells.
Your spell library was empty.

Inventory:

Hand Weapons
 Y - a +0 shortbow of freezing (weapon)
Armour
 f - a +0 ring mail (worn)
Jewellery
 a - a ring of resist corrosion (left hand)
 b - the ring "Edoit" (right hand) {rPois rC+ Str+3 Int+3}
   (You found it on level 2 of the Dungeon)

   [ring of protection from cold]

   Str+3:     It affects your strength (+3).
   Int+3:     It affects your intelligence (+3).
   rC+:       It protects you from cold.
   rPois:     It protects you from poison
Scrolls
 c - a scroll of revelation {unknown}
Potions
 d - a potion of might {unknown}
 e - a potion of resistance {unknown}
 k - a potion of heal wounds {unknown}

Dungeon Overview and Level Annotations

Branches:
Dungeon (3/15)

Altars:

Annotations:
D:3 1 runed translucent door, Ijyb; qw's ghost, amateur GrHu


Message History

Found a club.
A goblin comes into view. It is wielding a +0 dagger.
Found a scroll labelled BAKAIMUCSO.
A malevolent force fills the Dungeon... and a teleportation trap spontaneously manifests!
You are yanked towards some nearby monsters!
Your surroundings suddenly seem different.
Ijyb, an endoplasm and a ball python come into view.
Ijyb is wielding a +0 club and carrying a wand of mindburst.
Found a spear and a whip.
Ijyb shouts!
You hear a shout!
The goblin moves out of view.
You shoot an arrow. The arrow hits Ijyb but does no damage.
The ball python barely misses you. The ball python closely misses you.
Ijyb hits you but does no damage.
You shoot an arrow. The arrow hits Ijyb.
The arrow freezes Ijyb.
Ijyb is lightly wounded.
The ball python bites you but does no damage.
The ball python grabs you. The ball python constricts you.
A kobold comes into view. It is wielding a +1 dagger of draining.
Ijyb hits you with a +0 club.
You shoot an arrow. The arrow hits the ball python!
The ball python seems to slow down.
The arrow freezes the ball python.
You kill the ball python!
Ijyb zaps a wand.
Your mind is blasted!
You shoot an arrow. The arrow hits Ijyb!
The arrow freezes Ijyb.
Ijyb is heavily wounded.
Ijyb zaps a wand.
Your mind is blasted!
The endoplasm hits you but does no damage.
The kobold hits you with a +1 dagger of draining.
You shoot an arrow. The arrow hits Ijyb but does no damage.
Ijyb is heavily wounded.
Ijyb barely misses you. The endoplasm barely misses you.
The kobold barely misses you.
You shoot an arrow. The arrow barely misses Ijyb.
The endoplasm hits you but does no damage.
Ijyb closely misses you.
The kobold hits you with a +1 dagger of draining.
The endoplasm closely misses you. Ijyb hits you but does no damage.
The kobold hits you with a +1 dagger of draining.
You die...

##..?..##....#
..
.##...##...#.#.#
..
..##}##....#.#.#
#)
...###.......#.#
## #.#.
........###.#
...###..#
........# #.#
........#
....... #.#
........#
#+#####.#
......J@#
#........
......gK#
#.####..#
..)...... #..)##
#.........
#....###
#.......###
#......
#########
....... .......
?...... ...####


You could see Ijyb, an endoplasm and a kobold.

Vanquished Creatures
  4 gnolls (D:2)
  An adder (D:2)
  2 worms
  A dart slug (D:1)
  8 ball pythons
  6 bats
  4 endoplasms
  A giant cockroach (D:2)
  4 hobgoblins
  3 jackals (D:1)
  2 quokkas (D:1)
  2 frilled lizards
  3 goblins
  4 kobolds
  8 rats
53 creatures vanquished.

Notes
Turn   | Place    | Note
-------+----------+-------------------------------------------
     0 | D:1      | qw the Gargoyle Hunter began the quest for the Orb.
     0 | D:1      | Reached XP level 1. HP: 12/12 MP: 1/1
     0 | D:1      | 0 ||| qw: Version: 0.3-a-76-g4403597
     0 | D:1      | 0 ||| qw: Game counter: 903
     0 | D:1      | 0 ||| qw: Melee chars always use a shield: true
     0 | D:1      | 0 ||| qw: God list: Okawaru
     0 | D:1      | 0 ||| qw: Allow faded altars: false
     0 | D:1      | 0 ||| qw: Do Orc after clearing Dungeon:15 true
     0 | D:1      | 0 ||| qw: Do second Lair branch before Depths: true
     0 | D:1      | 0 ||| qw: Lair rune preference: random
     0 | D:1      | 0 ||| qw: Goals: Normal
     0 | D:1      | 0 ||| PLANNING D:1-11
    91 | D:1      | Reached XP level 2. HP: 17/17 MP: 2/2
   230 | D:1      | Reached XP level 3. HP: 21/21 MP: 3/3
   255 | D:1      | Reached skill level 5 in Ranged Weapons
   666 | D:1      | 666 ||| UPGRADING to +0 ring mail.
   676 | D:1      | 676 ||| DROPPING +0 leather armour.
   677 | D:1      | 677 ||| READING scroll labelled IWUOLODIOS.
   678 | D:1      | 678 ||| READING scroll labelled ZOCAER YCIUNN.
   679 | D:1      | 679 ||| READING scroll labelled ESATTEOSER.
   680 | D:1      | 680 ||| DROPPING scroll of butterflies.
   738 | D:2      | Reached skill level 1 in Armour
   834 | D:2      | Reached skill level 3 in Fighting
   834 | D:2      | Reached XP level 4. HP: 14/28 MP: 4/4
   837 | D:2      | HP: 6/28 [gnoll/+0 spear (3)]
  1151 | D:2      | Identified the ring "Edoit" {rPois rC+ Str+3 Int+3}
  1396 | D:2      | 1396 ||| UPGRADING to ring of resist corrosion.
  1397 | D:2      | 1397 ||| UPGRADING to ring "Edoit" {rPois rC+ Str+3 Int+3}.
  1398 | D:2      | 1398 ||| DRINKING 2 gluggy blue potions.
  1398 | D:2      | Gained mutation: You are frail. (-10% HP) [potion of
                  | mutation]
  1398 | D:2      | Gained mutation: You are very frail. (-20% HP) [potion of
                  | mutation]
  1398 | D:2      | Gained mutation: You have hidden genetic defects. [potion
                  | of mutation]
  1398 | D:2      | Gained mutation: You have large cloven feet. [potion of
                  | mutation]
  1399 | D:2      | 1399 ||| DRINKING potion of mutation.
  1399 | D:2      | Lost mutation: You are very frail. (-20% HP) [potion of
                  | mutation]
  1399 | D:2      | Lost mutation: You have large cloven feet. [potion of
                  | mutation]
  1399 | D:2      | Gained mutation: You have supernaturally acute eyesight.
                  | (SInv) [potion of mutation]
  1399 | D:2      | Gained mutation: Your movements are slightly less
                  | encumbered by armour. (ER -2) [potion of mutation]
  1426 | D:3      | Noticed qw's ghost (amateur GrHu)
  1426 | D:3      | Found a runed translucent door.
  1533 | D:3      | Noticed Ijyb
  1537 | D:3      | HP: 4/25 [disintegration (12)]
  1539 | D:3      | Slain by a kobold

Levels and vault maps discovered:
D:1:      eino_arrival_water_cross, layout_loops_ring, hex_large
D:2:      layout_basic
D:3:      layout_basic, hellmonk_ghost_happy_afterlife, uniq_ijyb

Skill      XL: |  1  2  3 |
---------------+----------+-----
Ranged Weapons | 5 |  5.5
Armour         | 1 |  1.0
Fighting       | 3 |  3.0
Dodging        | |  1.5
Stealth        | |  1.1

Action                     |  1- 3 |  4- 6 || total
---------------------------+-------+-------++-------
   Fire: Shortbow          |   113 |    51 ||   164
    Use: Scroll            |     3 |       ||     3
         Potion            |       |     2 ||     2
 Armour: Leather armour    |    27 |       ||    27
         Ring mail         |     9 |    15 ||    24
  Dodge: Dodged            |    47 |    11 ||    58

Table legend:
 A = Non-vault XP
 B = Vault XP
 C = Vault XP percentage of total XP
 D = Non-vault monster count
 E = Vault monster count
 F = Vault count percentage of total count
                 A         B        C        D         E       F
            +---------+---------+-------+---------+---------+-------
      Total |     150 |       0 |   0.0 |      53 |       0 |   0.0
            +---------+---------+-------+---------+---------+-------
        D:1 |      45 |       0 |   0.0 |      27 |       0 |   0.0
        D:2 |      97 |       0 |   0.0 |      23 |       0 |   0.0
        D:3 |       8 |       0 |   0.0 |       3 |       0 |   0.0
            +---------+---------+-------+---------+---------+-------
